Map: Ruins of Seras

Players

Miltreta - Winner!

  • Race: Terran Terran
  • League: Bronze

Corioa

  • Race: Zerg Zerg
  • League: Bronze

VOD

Have the link to the VOD?

Description

Time

  • Played on: March 16, 2016, 10:56 p.m.
  • Length: 6:27
Show
View Real Time Build Order
Export as new Build Order

Miltreta Terran - Winner!

Build Orders:  

Get SALT Encoding   

  12  0:01  SCV  
  13  0:17  Supply Depot  
  13  0:19  SCV  
  14  0:26  Refinery  
  14  0:31  SCV  
  15  0:46  Barracks  
  15  0:51  SCV  
  16  1:04  Supply Depot  
  16  1:11  SCV  
  17  1:33  SCV  
  17  1:37  Barracks Reactor  
  18  1:46  SCV  
  19  1:55  Factory  
  19  1:59  SCV  
  20  2:11  SCV  
  20  2:14  Marine x2  
  23  2:29  Factory  
  23  2:32  Marine  
  23  2:33  Marine  
  25  2:38  Supply Depot  
  25  2:42  Factory Reactor  
  25  2:58  Barracks  
  25  3:09  SCV  
  26  3:14  Refinery  
  26  3:22  Factory Tech Lab, Command Center  
  26  3:23  Hellion  
  26  3:24  Marine  
  29  3:33  SCV  
  30  3:47  Hellion  
  30  3:48  Barracks Tech Lab  
  32  3:51  Orbital Command  
  32  3:55  Marine x2  
  34  4:04  Hellion  
  36  4:16  SCV  
  37  4:27  Marine x2  
  39  4:34  Hellion  
  39  4:56  Hellion x2  
  41  5:00  Hellion  
  43  5:36  Widow Mine, Marine x2  
  43  5:39  Marauder  
  43  5:42  Concussive Shells  
  49  5:51  Barracks  
  49  5:53  Barracks, Supply Depot  
  49  5:58  Supply Depot  
Show
View Real Time Build Order
Export as new Build Order

Corioa Zerg 

Build Orders: Pool First 

Get SALT Encoding   

  12  0:01  Drone  
  13  0:19  Overlord, Drone  
  14  0:23  Extractor  
  14  0:24  Drone  
  14  0:35  Extractor  
  14  0:37  Drone  
  16  0:44  Drone  
  17  0:53  Spawning Pool  
  17  0:56  Extractor  
  16  0:57  Drone  
  16  1:16  Extractor  
  15  1:20  Drone  
  15  1:21  Drone  
  17  1:29  Drone  
  18  1:44  Queen  
  18  1:46  Zergling x4  
  22  1:56  Overlord  
  22  2:05  Metabolic Boost  
  22  2:10  Extractor  
  22  2:14  Drone  
  22  2:28  Drone  
  22  2:29  Drone  
  24  2:43  Pneumatized Carapace  
  24  2:49  Evolution Chamber  
  23  3:02  Zergling x6  
  23  3:03  Zergling x4  
  28  3:08  Hatchery  
  27  3:19  Baneling Nest  
  26  3:20  Drone  
  27  3:32  Drone x3  
  30  3:35  Overlord  
  30  3:49  Zerg Ground Armor Level 1  
  30  4:03  Zergling x6  
  33  4:11  Drone  
  34  4:22  Lair  
  34  4:24  Drone  
  35  4:36  Burrow  
  35  4:37  Drone x2  
  35  5:11  Zergling x10  
  40  5:36  Hydralisk Den  
  40  5:38  Spore Crawler  
  38  5:45  Drone x2  
  38  5:46  Drone  
  41  5:52  Infestation Pit  
  41  5:56  Baneling x4  
  41  5:57  Baneling x4  
Tags
 
Add a new tag
Caveats
  • Supply blocks, unpowered buildings, or Contaminate may cause inaccurate times.
  • Supply counts are checked every 10 seconds.